Map: 16-Bit LE

Players

PiG - Winner!

  • Race: Zerg Zerg
  • League: Grandmaster
  • Spawn Location: 1:00

STLER

  • Race: Protoss Protoss
  • League: Master
  • Spawn Location: 7:00

VOD

Have the link to the VOD?

Description

Time

  • Played on: May 28, 2018, 10:02 p.m.
  • Length: 3:34
Show
View Real Time Build Order
Export as new Build Order

PiG Zerg - Winner!

Build Orders: Hatch First 

Get SALT Encoding   

  12  0:01  Drone  
  13  0:14  Overlord  
  13  0:20  Drone  
  14  0:33  Drone x2  
  16  0:36  Drone  
  17  0:54  Hatchery  
  16  0:58  Drone  
  17  1:12  Spawning Pool  
  17  1:14  Drone  
  17  1:37  Overlord  
  17  1:59  Zergling x6  
  17  2:00  Queen  
  22  2:08  Zergling x2  
  23  2:16  Zergling x2  
  23  2:22  Zergling x4  
  26  2:28  Zergling x2  
  27  2:34  Zergling x2  
  28  2:43  Zergling x4  
  30  2:51  Zergling x2  
  30  3:11  Zergling x2  
  30  3:12  Zergling x8  
Show
View Real Time Build Order
Export as new Build Order

STLER Protoss 

Build Orders: Nexus First 

Get SALT Encoding   

  12  0:01  Probe  
  13  0:13  Probe  
  14  0:25  Probe  
  15  0:30  Pylon  
  15  0:45  Probe  
  16  0:53  Probe  
  16  1:03  Nexus  
  16  1:04  Probe  
  18  1:16  Probe  
  18  1:17  Gateway  
  18  1:23  Assimilator  
  18  1:24  Probe  
  20  1:40  Probe  
  20  1:43  Assimilator  
  20  1:45  Pylon  
  21  1:52  Probe  
  22  2:01  Gateway  
  22  2:04  Probe  
  23  2:08  Cybernetics Core  
  23  2:16  Probe  
  23  2:21  Probe  
  24  2:24  Probe  
  24  2:29  Probe  
  26  2:32  Probe  
  28  2:39  Probe  
  28  2:43  Probe  
  29  2:51  Probe  
  34  2:59  Pylon  
Tags
 
Add a new tag
Caveats
  • Supply blocks, unpowered buildings, or Contaminate may cause inaccurate times.
  • Supply counts are checked every 10 seconds.